 Dungeon Crawl Stone Soup version 0.28-a0-1412-gf95308ed99 (webtiles) character file.

Game seed: 8102575183472366486

60 croobank the Skirmisher (level 3, -5/29 HPs)
             Began as a Demonspawn Berserker on Jan 7, 2022.
             Was a Follower of Trog.
             Slain by Sigmund (16 damage)
             ... on level 2 of the Dungeon.
             The game lasted 00:05:58 (2123 turns).

croobank the Skirmisher (Demonspawn Berserker)      Turns: 2123, Time: 00:05:59

Health: -5/29      AC:  4    Str: 19    XL:     3   Next: 80%
Magic:  3/3        EV: 12    Int:  8    God:    Trog [*.....]
Gold:   46         SH:  0    Dex: 12    Spells: 2/2 levels left

rFire   . . .      SeeInvis .   a - +0 hand axe
rCold   . . .      Faith    .   (no shield)
rNeg    . . .      Spirit   .   q - +0 leather armour
rPois   .          Reflect  .   (no helmet)
rElec   .          Harm     .   j - +0 cloak
rCorr   .          Rampage  .   (no gloves)
Will    .....                   (no boots)
Stlth   +.........              (no amulet)
HPRegen 0.09/turn               (no ring)
MPRegen 0.16/turn               (no ring)

@: mighty, brilliant
A: spiny 1, magic regeneration
a: Renounce Religion, Berserk


You were on level 2 of the Dungeon.
You worshipped Trog.
Trog was aware of your devotion.
You visited 1 branch of the dungeon, and saw 2 of its levels.

You collected 46 gold pieces.

Inventory:

Hand Weapons
 a - a +0 hand axe (weapon)
 d - a +4 dagger
Missiles
 k - 19 arrows
Armour
 e - a +0 ring mail
 i - a +0 chain mail
 j - a +0 cloak (worn)
 q - a +0 leather armour (worn)
Jewellery
 o - a +6 ring of intelligence
Scrolls
 c - a scroll of identify {unknown}
 f - a scroll of immolation


   Skills:
 + Level 3.5 Fighting
 + Level 3.2 Axes
 + Level 2.3 Armour
 + Level 2.4 Dodging


You had 2 spell levels left.
You didn't know any spells.
Your spell library was empty.

Dungeon Overview and Level Annotations

Branches:
Dungeon (2/15)

Altars:
Hepliaklqana

Annotations:
D:2 Sigmund


Innate Abilities, Weirdness & Mutations

You are partially covered in sharp spines.
You regenerate magic rapidly.


Message History

Wisps of shadow whirl around you...
It was a scroll of summoning.
As you read the scroll labelled NOPAC WEGUD, it crumbles to dust.
You feel strangely unstable.
It was a scroll of teleportation.
Your surroundings suddenly seem different.
Blink to where?
Press: ? - help, Dir - move target, f - you Are you sure you want to cancel this blink?
Okay, then.
As you read the scroll labelled EMURIL BAGGOFI, it crumbles to dust.
It was a scroll of blinking.
Your frilled lizard dissolves into shadows!
Your goblin dissolves into shadows!
You now have 46 gold pieces (gained 9).
You see here a +0 club.
There is a stone staircase leading up here.
b - a fizzy coppery potion
Okay, then.
c - a scroll labelled VETHUGA ETUE Sigmund the Dreaded comes into view.
He is wielding a +4 scythe.
Sigmund shouts!
It was a potion of curing.
You feel better.
It was a potion of brilliance.
You feel clever all of a sudden.
It was a potion of might.
You feel very mighty all of a sudden. Sigmund barely misses you.
Sigmund closely misses you.
You slash Sigmund! Your punch misses Sigmund.
Sigmund is moderately wounded.
You slash Sigmund!
Sigmund is heavily wounded.
Sigmund is struck by your spines. Sigmund hits you with a +4 scythe!
You barely miss Sigmund.
Sigmund is heavily wounded.
Sigmund hits you with a +4 scythe!
You closely miss Sigmund.
Sigmund is heavily wounded.
Sigmund hits you with a +4 scythe!
Ouch! That really hurt!
You die...

#.#
#.#
#.#
#.# #
#.# .#
#.##.#
#....#
#..###
#.@#
#.@#
#...
##..#
#..#
#..#
#..#
#..#


You could see Sigmund.

Vanquished Creatures
  A gnoll (D:1)
  An adder (D:2)
  A worm (D:2)
  3 ball pythons
  An endoplasm (D:1)
  4 giant cockroaches
  4 goblins
  4 hobgoblins (D:1)
  6 jackals
  A kobold (D:1)
  A quokka (D:2)
  4 bats (D:1)
  2 rats (D:1)
33 creatures vanquished.

Notes
Turn   | Place    | Note
-------+----------+-------------------------------------------
     0 | D:1      | croobank the Demonspawn Berserker began the quest for the
                  | Orb.
     0 | D:1      | Reached XP level 1. HP: 18/18 MP: 1/1
   502 | D:1      | Gained mutation: You regenerate magic rapidly. [demonic
                  | ancestry]
   502 | D:1      | Reached XP level 2. HP: 17/24 MP: 2/2
  1261 | D:1      | Gained mutation: You are partially covered in sharp spines.
                  | [demonic ancestry]
  1261 | D:1      | Reached XP level 3. HP: 22/29 MP: 3/3
  1535 | D:2      | Found a hazy altar of Hepliaklqana.
  1770 | D:2      | Found a faded altar of an unknown god.
  2114 | D:2      | Noticed Sigmund
  2123 | D:2      | Slain by Sigmund

Illustrated notes

Levels and vault maps discovered:
D:1:      dpeg_arrival_rooms_with_view, layout_basic,
          nicolae_figureground_sparkle
D:2:      layout_loops_ring, shapermc_ecumenical_altar_flowoftime, basic_altar,
          uniq_sigmund

Skill      XL: |  1  2 |
---------------+-------+-----
Armour         | 2 |  2.3
Dodging        | 2 |  2.4
Axes           | 3 |  3.2
Fighting       | |  3.5

Action                   || total
-------------------------++-------
Melee: Hand axe          ||    90
  Use: Scroll            ||     6
       Potion            ||     3
 Stab: Sleeping          ||     1
Armor: Animal skin       ||    14
Dodge: Dodged            ||    62

Table legend: (Time is in decaauts)
 A = Elapsed time spent in this place.
 B = Non-inter-level travel time spent in this place.
 C = Inter-level travel time spent in this place.
 D = Time resting spent in this place.
 E = Time spent auto-exploring this place.
 F = Levels seen in this place.
 G = Mean time per level.
                   A        B        C        D        E       F      G
               +--------+--------+--------+--------+--------+-----+--------+
         Total |   2137 |   2095 |     42 |    525 |   1204 |   2 | 1068.5 |
       Dungeon |   2137 |   2095 |     42 |    525 |   1204 |   2 | 1068.5 |
               +--------+--------+--------+--------+--------+-----+--------+

Top non-repeatable levels by time:
     D:1: 1518 daAuts
     D:2: 618 daAuts
